 Dungeon Crawl Stone Soup version 0.29-a0-8-g0446c0dae4 (webtiles) character file.

Game seed: 1517324363157607435

112 crazypyro the Chopper (level 4, -20/40 HPs)
             Began as a Deep Dwarf Fighter on Jan 27, 2022.
             Demolished by an ogre (23 damage)
             ... on level 3 of the Dungeon.
             The game lasted 00:04:01 (1655 turns).

crazypyro the Chopper (Deep Dwarf Fighter)          Turns: 1655, Time: 00:04:02

Health: -20/40     AC: 11    Str: 21    XL:     4   Next: 64%
Magic:  4/4        EV:  9    Int:  9    God:
Gold:   64         SH:  4    Dex: 12    Spells: 3/3 levels left

rFire   . . .      SeeInvis .   a - +1 war axe
rCold   . . .      Faith    .   c - +0 buckler
rNeg    . . .      Spirit   .   b - +0 scale mail
rPois   .          Reflect  .   n - +2 helmet
rElec   .          Harm     .   g - +0 cloak
rCorr   .          Rampage  .   (no gloves)
Will    .....                   (no boots)
Stlth   ..........              (no amulet)
HPRegen 0.00/turn               (no ring)
MPRegen 0.09/turn               (no ring)

@: no status effects
A: damage resistance, heal wounds, sense surroundings 1, no regeneration, claws
1, deterioration 1, wild magic 1
a: Heal Wounds


You were on level 3 of the Dungeon.
You visited 1 branch of the dungeon, and saw 3 of its levels.

You collected 64 gold pieces.

Inventory:

Hand Weapons
 a - a +1 war axe (weapon)
Armour
 b - a +0 scale mail (worn)
 c - a +0 buckler (worn)
 g - a +0 cloak (worn)
 n - a +2 helmet (worn)
Potions
 d - 2 potions of might
 j - a potion of curing {unknown}
 m - a potion of heal wounds {unknown}


   Skills:
 - Level 2.7 Fighting
 + Level 5.2 Axes
 - Level 3.3 Armour
 - Level 3.3 Shields


You had 3 spell levels left.
You didn't know any spells.
Your spell library was empty.

Dungeon Overview and Level Annotations

Branches:
Dungeon (3/15)

Altars:


Innate Abilities, Weirdness & Mutations

You are resistant to damage.
You can heal yourself by infusing magical energy.
You passively map a small area around you.
You do not regenerate.
You have sharp fingernails.
Your body sometimes deteriorates upon taking damage.
Your spells are a little harder to cast, but a little more powerful.


Message History

You kill the bat!
No target in view!
As you read the scroll labelled XAZYUMPASE, it crumbles to dust.
It is a scroll of enchant weapon.
Your +0 war axe glows red for a moment.
As you read the scroll labelled WIURCH BIFA, it crumbles to dust.
The air around you briefly surges with heat, but it dissipates.
It was a scroll of immolation.
As you read the scroll labelled FOSULO NYATT, it crumbles to dust.
It is a scroll of identify.
i - a potion of mutation
As you read the scroll labelled MOATRA GOTA, it crumbles to dust.
You feel strangely unstable.
It was a scroll of teleportation.
You feel extremely strange.
You feel yourself wasting away.
Your fingernails lengthen.
You feel less in control of your magic.
A jackal and an orc come into view.
The jackal barks!
The orc shouts!
You hear a shout! x2
Items here: ( ) [ †.
There are monsters nearby!
A giant cockroach comes into view.
Found 5 gold pieces.
Your surroundings suddenly seem different.
The giant cockroach moves out of view.
No target in view!
An ogre comes into view. It is wielding a +0 giant spiked club.
The ogre shouts!
The ogre hits you with a +0 giant spiked club!!
Ouch! That really hurt!
* * * LOW HITPOINT WARNING * * *
You are too injured to fight recklessly!
You are too injured to fight recklessly!
You are too injured to fight recklessly!
You are too injured to fight recklessly!
You are too injured to fight recklessly!
You slash the ogre!
The ogre is moderately wounded.
The ogre hits you with a +0 giant spiked club!!
Ouch! That really hurt!
You die...

# #.# # ### #.# #
##.## #.# ####.#.##
#.### .##.###.# #...#
.##..#.#####*######.#
.##.#|## ...#...##.#
...#...# #..#..#.#
..###.##_ #O@#..#
[..#.## #..#.###
.##.## * *##..##
.#### * ### .# ##


You could see an ogre.

Vanquished Creatures
  4 gnolls (D:3)
  2 adders
  2 dart slugs
  2 orcs (D:3)
  4 bats
  4 endoplasms
  3 giant cockroaches (D:1)
  5 goblins
  2 hobgoblins
  5 jackals
  A quokka (D:2)
  5 ball pythons
  3 frilled lizards
  4 kobolds
  A rat (D:2)
47 creatures vanquished.

Notes
Turn   | Place    | Note
-------+----------+-------------------------------------------
     0 | D:1      | crazypyro the Deep Dwarf Fighter began the quest for the
                  | Orb.
     0 | D:1      | Reached XP level 1. HP: 20/20 MP: 1/1
    41 | D:1      | Reached XP level 2. HP: 22/27 MP: 2/2
   300 | D:1      | Reached skill level 3 in Axes
   413 | D:1      | Found a faded altar of an unknown god.
   793 | D:2      | Reached XP level 3. HP: 19/33 MP: 3/3
   916 | D:2      | Reached skill level 4 in Axes
  1505 | D:3      | Reached XP level 4. HP: 13/40 MP: 4/4
  1516 | D:3      | Reached skill level 5 in Axes
  1640 | D:3      | Gained mutation: Your body sometimes deteriorates upon
                  | taking damage. [potion of mutation]
  1640 | D:3      | Gained mutation: You have sharp fingernails. [potion of
                  | mutation]
  1640 | D:3      | Gained mutation: Your spells are a little harder to cast,
                  | but a little more powerful. [potion of mutation]
  1653 | D:3      | Noticed an ogre
  1655 | D:3      | Demolished by an ogre

Illustrated notes

Levels and vault maps discovered:
D:1:      roderic_octagonal_star, layout_rooms, chequers_ecumenical_altar_lobes
D:2:      layout_basic, minmay_misc_feat_rugged, minmay_pentomino_s4
D:3:      layout_loops_ring, marbit_many_paths

Skill      XL: |  1  2  3  4 |
---------------+-------------+-----
Axes           | 3 4 5 |  5.2
Fighting       | |  2.7
Armour         | |  3.3
Shields        | |  3.3

Action                   |  1- 3 |  4- 6 || total
-------------------------+-------+-------++-------
Melee: War axe           |    93 |    27 ||   120
 Abil: Heal Wounds       |       |     1 ||     1
  Use: Scroll            |       |     4 ||     4
       Potion            |       |     1 ||     1
Armor: Scale mail        |    45 |    16 ||    61
Dodge: Dodged            |    47 |    10 ||    57
Block: Buckler           |    21 |     4 ||    25

Table legend: (Time is in decaauts)
 A = Elapsed time spent in this place.
 B = Non-inter-level travel time spent in this place.
 C = Inter-level travel time spent in this place.
 D = Time resting spent in this place.
 E = Time spent auto-exploring this place.
 F = Levels seen in this place.
 G = Mean time per level.
                   A        B        C        D        E       F      G
               +--------+--------+--------+--------+--------+-----+--------+
         Total |   1696 |   1601 |     95 |      0 |   1255 |   3 |  565.3 |
       Dungeon |   1696 |   1601 |     95 |      0 |   1255 |   3 |  565.3 |
               +--------+--------+--------+--------+--------+-----+--------+

Top non-repeatable levels by time:
     D:2: 836 daAuts
     D:1: 574 daAuts
     D:3: 285 daAuts
